General information
- name: BNet
- type: Ladder team game (AT/RT)
- host: Battle.net
- saver: ILIKETOPING!
map: Deadlands
- players: 8
- length: 11:20
- speed: Fast
- version: 1.28 W3XP
- replay type: Public
» download(66 KB)
Players
team 1 (loser)

»
NaiLz7768 (
yellow | 36 APM | 414 actions | 11:20)
1 Death Knight
1 Death Coil
1 Crypt Lord
1 Impale
» actions
| Assign group hotkey | 8 | |
| Basic commands | 16 | |
| Build / train | 31 | |
| ESC pressed | 1 | |
| Enter build submenu | 20 | |
| Enter hero's abilities submenu | 2 | |
| Remove unit from queue | 1 | |
| Right click | 111 | |
| Select / deselect | 88 | |
| Select group hotkey | 108 | |
| Use ability | 28 | |
414 total
» units
| Acolyte | 5 | |
| Ghoul | 8 | |
| Crypt Fiend | 5 | |
| Frost Wyrm | 2 | |
20 total
» upgrades
» buildings
| Ziggurat | 8 | |
| Altar of Darkness | 1 | |
| Crypt | 1 | |
| Graveyard | 1 | |
| Halls of the Dead | 1 | |
| Sacrificial Pit | 1 | |
| Black Citadel | 1 | |
| Necropolis | 2 | |
| Spirit Tower | 1 | |
| Boneyard | 3 | |
| Nerubian Tower | 1 | |
21 total
» build order
00:10 Ziggurat
00:15 Altar of Darkness
00:43 Crypt
01:02 Graveyard
01:44 Ziggurat
02:52 Halls of the Dead
03:30 Ziggurat
05:47 Sacrificial Pit
05:56 Black Citadel
06:25 Necropolis
06:56 Ziggurat
08:15 Spirit Tower
08:25 Boneyard
08:32 Boneyard
08:35 Boneyard
08:38 Ziggurat
08:46 Ziggurat
08:53 Ziggurat
09:01 Necropolis
09:37 Nerubian Tower
10:40 Ziggurat
ILIKETOPING! (
teal | 5 APM | 59 actions | 11:20)
» actions
| Basic commands | 13 | |
| Right click | 22 | |
| Select / deselect | 23 | |
| Use ability | 1 | |
59 total

»
MrPotatoSalad (
green | 12 APM | 129 actions | 10:59)
1 Blood Mage
1 Flame Strike
» actions
| Basic commands | 20 | |
| Build / train | 14 | |
| Enter build submenu | 9 | |
| Enter hero's abilities submenu | 1 | |
| Right click | 23 | |
| Select / deselect | 45 | |
| Use ability | 17 | |
129 total
» units
» buildings
| Altar of Kings | 1 | |
| Farm | 3 | |
| Lumber Mill | 1 | |
| Barracks | 1 | |
| Arcane Vault | 1 | |
| Blacksmith | 1 | |
| Scout Tower | 1 | |
9 total
» build order
00:07 Altar of Kings
00:09 Farm
00:57 Lumber Mill
01:16 Farm
01:21 Barracks
02:13 Farm
02:16 Arcane Vault
02:20 Blacksmith
03:08 Scout Tower
team 2 (winner)

»
andycrazn (
pink | 34 APM | 131 actions | 03:53)
1 Mountain King
1 Storm Bolt
» actions
| Assign group hotkey | 5 | |
| Build / train | 17 | |
| Enter build submenu | 10 | |
| Enter hero's abilities submenu | 1 | |
| Remove unit from queue | 2 | |
| Right click | 23 | |
| Select / deselect | 56 | |
| Select group hotkey | 7 | |
| Use ability | 10 | |
131 total
» units
» buildings
| Farm | 5 | |
| Altar of Kings | 1 | |
| Barracks | 1 | |
| Arcane Vault | 1 | |
| Lumber Mill | 1 | |
| Blacksmith | 1 | |
10 total
» build order
00:38 Farm
00:49 Altar of Kings
00:53 Barracks
01:15 Arcane Vault
01:42 Farm
02:10 Lumber Mill
02:24 Farm
02:33 Farm
02:49 Blacksmith
03:16 Farm
Mila-Kuntis (
blue | 56 APM | 635 actions | 11:20)
3 Demon Hunter
1 Mana Burn
2 Evasion
2 Pandaren Brewmaster
1 Breath of Fire
1 Drunken Brawler
» actions
| Assign group hotkey | 13 | |
| Basic commands | 27 | |
| Build / train | 42 | |
| Enter build submenu | 16 | |
| Enter hero's abilities submenu | 5 | |
| Give item / drop item | 5 | |
| Right click | 248 | |
| Select / deselect | 150 | |
| Select group hotkey | 85 | |
| Use ability | 44 | |
635 total
» units
| Wisp | 23 | |
| Archer | 6 | |
| Dryad | 2 | |
| Druid of the Talon | 2 | |
33 total
» upgrades
| Druid of the Talon Training | 1 | |
1 total
» buildings
| Altar of Elders | 1 | |
| Moon Well | 6 | |
| Ancient of War | 1 | |
| Ancient of Wonders | 1 | |
| Tree of Ages | 1 | |
| Hunter's Hall | 1 | |
| Tree of Life | 1 | |
| Ancient Protector | 3 | |
| Ancient of Lore | 1 | |
| Ancient of Wind | 1 | |
17 total
» build order
00:09 Altar of Elders
00:18 Moon Well
00:50 Ancient of War
01:21 Moon Well
02:03 Moon Well
02:59 Ancient of Wonders
04:11 Tree of Ages
04:44 Hunter's Hall
04:46 Moon Well
05:38 Tree of Life
05:50 Ancient Protector
05:53 Ancient Protector
06:59 Ancient of Lore
07:04 Ancient of Wind
08:17 Ancient Protector
10:03 Moon Well
10:06 Moon Well
karlmalone (
red | 50 APM | 567 actions | 11:20)
2 Blademaster
1 Wind Walk
1 Critical Strike
1 Shadow Hunter
1 Hex
» actions
| Assign group hotkey | 7 | |
| Basic commands | 4 | |
| Build / train | 35 | |
| Enter build submenu | 12 | |
| Enter hero's abilities submenu | 3 | |
| Right click | 310 | |
| Select / deselect | 74 | |
| Select group hotkey | 96 | |
| Use ability | 26 | |
567 total
» units
| Peon | 8 | |
| Wind Rider | 4 | |
| Troll Batrider | 10 | |
22 total
» upgrades
| Ranged Weapons | 2 | |
| Reinforced Defenses | 1 | |
3 total
» buildings
| Altar of Storms | 1 | |
| Orc Burrow | 6 | |
| Voodoo Lounge | 1 | |
| Stronghold | 1 | |
| War Mill | 1 | |
| Beastiary | 2 | |
| Fortress | 1 | |
13 total
» build order
00:04 Altar of Storms
00:22 Orc Burrow
01:20 Voodoo Lounge
02:12 Stronghold
02:39 Orc Burrow
02:45 War Mill
03:59 Orc Burrow
04:52 Beastiary
05:00 Beastiary
05:07 Orc Burrow
08:08 Orc Burrow
08:29 Orc Burrow
08:36 Fortress
» items
| Lesser Clarity Potion | 1 | |
| Healing Salve | 1 | |
| Scroll of Speed | 1 | |
3 total
Gonzothemad (
purple | 46 APM | 526 actions | 11:20)
2 Shadow Hunter
1 Healing Wave
1 Serpent Ward
2 Tauren Chieftain
1 Endurance Aura
1 War Stomp
1 Mountain King
1 Bash
» actions
| Assign group hotkey | 2 | |
| Build / train | 56 | |
| Enter build submenu | 18 | |
| Enter hero's abilities submenu | 5 | |
| Remove unit from queue | 4 | |
| Right click | 198 | |
| Select / deselect | 212 | |
| Select group hotkey | 5 | |
| Use ability | 26 | |
526 total
» units
| Peon | 11 | |
| Grunt | 7 | |
| Footman | 4 | |
| Rifleman | 8 | |
| Shaman | 3 | |
| Troll Headhunter/Berserker | 3 | |
36 total
» upgrades
| Shaman Training | 2 | |
| Berserker Strength | 1 | |
| Gunpowder | 1 | |
4 total
» buildings
| Orc Burrow | 5 | |
| Altar of Storms | 1 | |
| Barracks | 2 | |
| Voodoo Lounge | 1 | |
| Stronghold | 1 | |
| Fortress | 1 | |
| Spirit Lodge | 1 | |
| War Mill | 1 | |
| Farm | 2 | |
| Tauren Totem | 1 | |
| Great Hall | 1 | |
17 total
» build order
00:13 Orc Burrow
00:17 Altar of Storms
00:56 Barracks
01:40 Voodoo Lounge
02:15 Orc Burrow
02:52 Stronghold
04:13 Orc Burrow
05:13 Fortress
05:49 Spirit Lodge
06:50 War Mill
08:27 Barracks
08:43 Orc Burrow
09:40 Farm
09:46 Farm
09:56 Tauren Totem
10:17 Orc Burrow
10:26 Great Hall
» items
| Healing Salve | 1 | |
| Lesser Clarity Potion | 1 | |
2 total
Chat log
(00:37 / Allies) NaiLz7768: stop?
(00:41 / All) Mila-Kuntis: are you ok
(01:06 / Allies) 2017nUStillHack: at least i have an autoclicker
(02:57 / Allies) MrPotatoSalad: do something noob
(03:01 / Allies) ILIKETOPING!: who
(03:11 / All) MrPotatoSalad: yeah they are
(03:14 / All) MrPotatoSalad: its gg guys
(03:55 / All) Mila-Kuntis: what a rebel
(05:32 / All) ILIKETOPING!: scrub yellow lost dk to 5 militia lol!
(05:39 / All) MrPotatoSalad: red follow me
(05:49 / All) karlmalone: gimme a sec
(06:50 / All) MrPotatoSalad: here red
(06:53 / All) MrPotatoSalad: next base over
(08:03 / Allies) ILIKETOPING!: tk
(08:04 / Allies) ILIKETOPING!: get a life tk
(08:09 / Allies) ILIKETOPING!: you weren't loved as a child?
(08:16 / Allies) MrPotatoSalad: nop
(08:27 / Allies) ILIKETOPING!: tking ruins peoples fun and their records
(08:40 / Allies) MrPotatoSalad: maybe you shouldnt do it then
(08:45 / Allies) ILIKETOPING!: I didn't tk
(08:50 / Allies) ILIKETOPING!: I defneded myself against a tk
(08:51 / Allies) MrPotatoSalad: yeah you did
(08:53 / Allies) ILIKETOPING!: and got tked by yellow
(08:57 / Allies) MrPotatoSalad: no
(08:58 / Allies) ILIKETOPING!: wrong
(08:58 / Allies) MrPotatoSalad: you did
(08:59 / Allies) ILIKETOPING!: I did not tk
(09:07 / Allies) MrPotatoSalad: you displayed that you werent going to play the game correctly
(09:10 / Allies) ILIKETOPING!: so
(09:11 / Allies) MrPotatoSalad: thats Griefig
(09:12 / Allies) ILIKETOPING!: that's not tking
(09:16 / Allies) MrPotatoSalad: yeah
(09:17 / Allies) MrPotatoSalad: it is
(09:18 / Allies) ILIKETOPING!: so
(09:24 / Allies) ILIKETOPING!: that is not team killing
(09:28 / Allies) MrPotatoSalad: it is
(09:34 / Allies) MrPotatoSalad: its loosing the game for your team on purpose
(09:35 / Allies) ILIKETOPING!: I have abstract strategies that not everyone can appreciate
(09:36 / Allies) MrPotatoSalad: its tking
(09:39 / Allies) MrPotatoSalad: reported btw
(09:42 / Allies) MrPotatoSalad: make a new account
(09:43 / Allies) ILIKETOPING!: I'm an avant garde player
(09:50 / Allies) MrPotatoSalad: obviously
(10:42 / All) ILIKETOPING!: hah
(10:44 / All) ILIKETOPING!: green just got raped
(10:47 / All) ILIKETOPING!: get that tk
(10:48 / All) ILIKETOPING!: get him good
(10:52 / All) MrPotatoSalad: that was the point
(10:54 / All) MrPotatoSalad: yall dead
(10:57 / All) MrPotatoSalad: Doesnt matter anymore
(10:59 / All) Mila-Kuntis: wasnt even a good one green
(11:18 / All) Mila-Kuntis: hes gunna win!!